Map: Pillars of Gold LE

Players

Arctur - Winner!

  • Race: Terran Terran
  • Spawn Location: 1:00

PtitDrogo

  • Race: Protoss Protoss
  • League: Grandmaster
  • Spawn Location: 7:00

Event: DreamHack SC2 Masters 2020 Fall

VOD

Have the link to the VOD?

Description

Time

  • Played on: Aug. 27, 2020, 2:38 p.m.
  • Length: 8:24

All games in this series

Show
View Real Time Build Order
Export as new Build Order

Arctur Terran - Winner!

Build Orders: Reaper Expand 

Get SALT Encoding   

  12  0:00  SCV  
  13  0:12  SCV  
  14  0:18  Supply Depot  
  14  0:24  SCV  
  15  0:39  SCV  
  15  0:40  Barracks  
  16  0:44  Refinery  
  16  0:51  SCV  
  17  1:03  SCV  
  18  1:15  SCV  
  19  1:28  Orbital Command, Reaper  
  20  1:49  Command Center  
  20  1:53  SCV  
  21  1:56  Supply Depot  
  21  1:59  Marine  
  22  2:05  SCV  
  23  2:12  Factory  
  23  2:18  SCV  
  23  2:22  Barracks Reactor  
  24  2:25  Bunker  
  24  2:30  SCV  
  24  2:33  Refinery  
  25  2:42  SCV  
  26  2:54  SCV  
  26  3:01  Orbital Command  
  26  3:04  Starport  
  25  3:06  SCV  
  25  3:10  Hellion  
  28  3:13  Hellion  
  28  3:18  SCV  
  31  3:31  Hellion  
  31  3:32  SCV  
  31  3:34  SCV  
  35  3:35  Hellion  
  35  3:40  Medivac  
  39  3:44  SCV  
  39  3:46  SCV  
  41  3:50  Supply Depot  
  41  4:00  SCV x2  
  43  4:04  Marine x2  
  43  4:05  Factory Tech Lab  
  45  4:12  SCV x2, Supply Depot  
  47  4:23  Barracks x2  
  46  4:24  Siege Tank, SCV x2  
  49  4:40  SCV x2, Marine x2  
  53  4:52  SCV x2  
  47  4:53  Refinery  
  47  4:54  Engineering Bay, Supply Depot  
  47  4:56  Siege Tank  
  47  4:58  Marine x2  
  52  5:04  SCV  
  52  5:05  SCV  
  54  5:08  Bunker  
  54  5:10  Barracks Tech Lab x2  
  54  5:16  SCV, Marine x2  
  54  5:21  Terran Infantry Weapons Level 1, Supply Depot  
  57  5:23  SCV  
  57  5:28  Stimpack, Starport Reactor  
  58  5:29  Siege Tank  
  58  5:31  Marauder  
  58  5:34  Marine x2  
  65  5:37  Marauder  
  65  5:40  Refinery  
  67  5:46  Combat Shield  
  67  5:52  Marine x2  
  67  5:53  Marauder  
  71  5:57  Supply Depot  
  71  5:58  Marauder  
  71  5:59  Supply Depot  
  71  6:01  SCV x2  
  75  6:07  Medivac  
  77  6:12  Marine  
  78  6:19  Medivac, Marauder, Marine  
  78  6:20  Marauder  
  78  6:21  Supply Depot  
  78  6:23  Supply Depot  
  85  6:28  Siege Tank  
  85  6:30  Marine  
  89  6:36  Marine  
  90  6:40  Marine  
  90  6:41  Marauder  
  90  6:43  Command Center  
  90  6:45  Medivac  
  94  6:48  Marine  
  94  6:51  Supply Depot  
  95  7:00  Siege Tank, Marine  
  98  7:06  Marauder, Marine x2  
  102  7:17  Marine  
  97  7:24  Marauder, Marine  
  97  7:27  Marauder  
  94  7:33  Siege Tank  
  94  7:35  Marine  
  96  7:38  Barracks  
  96  7:39  Barracks  
  96  7:41  Marine  
  96  7:45  Marauder  
  96  7:48  Marine  
  91  7:53  Marine  
  90  7:59  Marine  
Show
View Real Time Build Order
Export as new Build Order

PtitDrogo Protoss 

Build Orders: 1 Gate Expand, Blink Stalkers 

Get SALT Encoding   

  12  0:00  Probe  
  13  0:12  Probe  
  14  0:17  Pylon  
  14  0:24  Probe  
  15  0:36  Gateway  
  15  0:37  Probe (Chrono Boost)  
  16  0:46  Probe (Chrono Boost)  
  16  0:47  Assimilator  
  17  0:53  Probe  
  18  1:05  Probe  
  19  1:17  Probe  
  20  1:22  Cybernetics Core  
  20  1:34  Nexus  
  20  1:42  Pylon  
  20  1:44  Probe  
  21  1:50  Assimilator  
  21  1:57  Adept (Chrono Boost), Probe  
  24  2:07  Shield Battery  
  24  2:09  Probe  
  24  2:14  Warp Gate  
  25  2:19  Stalker (Chrono Boost)  
  27  2:25  Probe  
  28  2:36  Twilight Council  
  28  2:41  Probe (Chrono Boost)  
  29  2:47  Probe (Chrono Boost)  
  31  2:56  Probe (Chrono Boost)  
  31  2:58  Probe (Chrono Boost)  
  31  3:03  Robotics Facility  
  32  3:09  Probe x2 (Chrono Boost)  
  32  3:20  Blink  
  32  3:21  Probe (Chrono Boost)  
  34  3:27  Gateway, Probe (Chrono Boost)  
  34  3:30  Probe (Chrono Boost)  
  36  3:34  Probe (Chrono Boost)  
  36  3:35  Gateway  
  36  3:39  Pylon  
  36  3:41  Probe  
  37  3:45  Probe  
  38  3:51  Observer (Chrono Boost)  
  38  3:52  Pylon  
  38  3:53  Probe  
  40  3:57  Probe  
  41  4:02  Stalker  
  41  4:05  Observer (Chrono Boost), Probe  
  41  4:09  Probe  
  46  4:12  Assimilator x2  
  46  4:17  Probe  
  46  4:21  Probe  
  46  4:22  Stalker  
  50  4:29  Probe, Pylon  
  51  4:33  Probe  
  47  4:41  Stalker x2  
  51  4:52  Probe (Chrono Boost)  
  48  4:57  Probe (Chrono Boost)  
  48  5:02  Probe (Chrono Boost)  
  48  5:06  Probe (Chrono Boost)  
  50  5:07  Probe (Chrono Boost)  
  51  5:15  Stalker  
  51  5:16  Probe (Chrono Boost)  
  51  5:17  Nexus  
  55  5:22  Observer  
  55  5:23  Pylon, Probe (Chrono Boost)  
  55  5:27  Probe (Chrono Boost)  
  56  5:32  Probe x2 (Chrono Boost)  
  56  5:35  Robotics Bay  
  58  5:37  Observer  
  58  5:42  Probe  
  59  5:44  Charge (Chrono Boost)  
  59  5:46  Probe  
  59  5:48  Observer  
  59  5:49  Sentry  
  62  5:54  Probe  
  63  5:58  Probe  
  64  6:05  Forge, Immortal (Chrono Boost)  
  64  6:09  Shield Battery  
  67  6:20  Gateway  
  67  6:22  Gateway  
  67  6:24  Probe  
  67  6:25  Probe  
  69  6:27  Gateway  
  69  6:33  Templar Archives  
  69  6:35  Colossus (Chrono Boost)  
  75  6:41  Observer  
  73  6:47  Sentry  
  73  6:48  Sentry, Stalker  
  73  6:51  Pylon  
  79  7:08  Pylon  
  79  7:13  Shield Battery  
  79  7:14  Zealot x2, Stalker x2  
  87  7:22  Stalker x2  
  63  7:30  Colossus (Chrono Boost)  
  63  7:35  Zealot x2  
  71  7:39  Zealot x2  
  65  7:45  Zealot x2  
  58  7:55  Stalker x2  
  55  8:00  Zealot x2  
  58  8:08  Zealot x2  

Tags
 
Add a new tag
Caveats
  • Supply blocks, unpowered buildings, or Contaminate may cause inaccurate times.
  • Supply counts are checked every 10 seconds.